 Dungeon Crawl Stone Soup version 0.28-a0-1435-g82390b3a13 (webtiles) character file.

Game seed: 1350289126180535632

50 funkygono the Firebug (level 3, -3/19 HPs)
             Began as a Gargoyle Fire Elementalist on Jan 9, 2022.
             Slain by Natasha (7 damage)
             ... on level 2 of the Dungeon.
             The game lasted 00:02:55 (1857 turns).

funkygono the Firebug (Gargoyle Fire Elementalist)  Turns: 1857, Time: 00:02:55

Health: -3/19      AC:  6    Str: 11    XL:     3   Next: 79%
Magic:  1/7        EV: 12    Int: 17    God:
Gold:   137        SH:  0    Dex: 10    Spells: 1/7 levels left

rFire   . . .      SeeInvis .   k - +0 whip
rCold   . . .      Faith    .   (no shield)
rNeg    + . .      Spirit   .   a - +0 robe
rPois   ∞          Reflect  .   (no helmet)
rElec   +          Harm     .   (no cloak)
rCorr   +          Rampage  .   (no gloves)
Will    .....                   i - +0 pair of boots
Stlth   ++........              (no amulet)
HPRegen 0.06/turn               c - ring of resist corrosion
MPRegen 0.10/turn               (no ring)

@: no status effects
A: sickness immunity, AC +3, negative energy resistance 1, electricity
resistance, torment resistance 1, petrification resistance
a: no special abilities


You were on level 2 of the Dungeon.
You visited 1 branch of the dungeon, and saw 2 of its levels.

You collected 137 gold pieces.

Inventory:

Hand Weapons
 k - a +0 whip (weapon)
Missiles
 f - 40 stones
Armour
 a - a +0 robe (worn)
 b - a +0 scale mail
 i - a +0 pair of boots (worn)
Jewellery
 c - a ring of resist corrosion (left hand)
Scrolls
 g - a scroll of enchant weapon {unknown}
Potions
 d - 3 potions of flight {unknown}
 e - a potion of resistance {unknown}
 h - 2 potions of brilliance {unknown}
 j - a potion of curing {unknown}


   Skills:
 + Level 1.6 Dodging
 - Level 2.1 Stealth
 * Level 2.7 Spellcasting
 * Level 1.7 Conjurations
 * Level 3.8 Fire Magic


You had one spell level left.
You knew the following spells:

 Your Spells              Type           Power      Damage    Failure   Level
a - Foxfire               Conj/Fire      44%        2x1d6     6%          1
b - Scorch                Fire           30%        2d7       5%          2
c - Conjure Flame         Conj/Fire      11%        6-21      17%         3

Your spell library contained the following spells:

 Spells                   Type           Power      Damage    Failure   Level
 Inner Flame              Hex/Fire       8%         N/A       24%         3
 Flame Wave               Conj/Fire      11%        2d5       50%         4


Dungeon Overview and Level Annotations

Branches:
Dungeon (2/15)

Altars:

Shops:
D:2 (

Annotations:
D:2 Natasha


Innate Abilities, Weirdness & Mutations

You are immune to sickness and miasma.
Your stone body is resilient. (AC +3)
You are immune to poison.
You resist negative energy. (rN+)
You are resistant to electric shocks. (rElec)
You are resistant to unholy torment.
You are immune to petrification.


Message History

Natasha mumbles some strange words.
Natasha shimmers violently.
Natasha casts a spell.
Casting: Foxfire (safe; 6% risk of failure)
Confirm with . or Enter, or press ? or * to list all spells.
You don't have enough magic to cast this spell.
Casting: Foxfire (safe; 6% risk of failure)
Confirm with . or Enter, or press ? or * to list all spells.
You don't have enough magic to cast this spell.
Unknown command.
Casting: Foxfire (safe; 6% risk of failure)
Confirm with . or Enter, or press ? or * to list all spells.
You don't have enough magic to cast this spell.
Casting: Foxfire (safe; 6% risk of failure)
Confirm with . or Enter, or press ? or * to list all spells.
You don't have enough magic to cast this spell.
Unknown command.
The foxfire hits the shadow imp.
The shadow imp is heavily wounded.
The foxfire hits the shadow imp but does no damage.
The shadow imp is heavily wounded.
The foxfire hits the shadow imp.
The shadow imp is severely wounded.
The shadow imp gestures at you. Pain shoots through your body!
Natasha hisses.
You hit the shadow imp.
The shadow imp is almost dead.
The shadow imp gestures at you.
You barely resist. Natasha claws you.
The shadow imp hits you but does no damage.
You closely miss Natasha. Natasha claws you.
The crimson imp lashes its tail.
The shadow imp hits you.
* * * LOW HITPOINT WARNING * * *
Unknown command.
Natasha wildly gestures.
You feel troubled. Natasha claws you!
You die...

#. ## #.# #.# ##.# #..
..# ## #.##.# ..
#.#.###5# ##....5.####
##..)h5∩.....#.# #
#...@#######.#.#
≈≈#####..#.#.######.#.#
≈≈≈≈≈###.###...#.....#
#≈≈≈≈####.##.#.....#
#≈≈≈≈#.## #.....#
###≈....# #.#.....#
#..#.#### #.#.....#
#.##.# #.#.#.### #.##.#
#†#.#.#


You could see Natasha, a crimson imp (summoned), a white imp (summoned) and a
shadow imp (summoned).

Vanquished Creatures
  An adder (D:2)
  2 dart slugs
  7 ball pythons
  3 bats
  3 endoplasms
  2 giant cockroaches
  A hobgoblin (D:2)
  2 quokkas
  3 frilled lizards
  6 goblins
  4 kobolds
34 creatures vanquished.

Vanquished Creatures (others)
  78 foxfires
78 creatures vanquished.

Grand Total: 112 creatures vanquished

Notes
Turn   | Place    | Note
-------+----------+-------------------------------------------
     0 | D:1      | funkygono the Gargoyle Fire Elementalist began the quest
                  | for the Orb.
     0 | D:1      | Reached XP level 1. HP: 10/10 MP: 3/3
   317 | D:1      | Found a faded altar of an unknown god.
   376 | D:1      | Reached XP level 2. HP: 15/15 MP: 0/5
   379 | D:1      | Learned a level 2 spell: Scorch
  1274 | D:2      | Reached XP level 3. HP: 19/19 MP: 2/6
  1822 | D:2      | Learned a level 3 spell: Conjure Flame
  1844 | D:2      | Found Zimut's Weapon Shop.
  1847 | D:2      | Noticed Natasha
  1857 | D:2      | Slain by Natasha

Illustrated notes

Levels and vault maps discovered:
D:1:      dpeg_arrival_concentric_ovals, layout_basic,
          ebering_ecumenical_altar_petrified, minmay_shallow_snake_nest
D:2:      layout_loops_ring, serial_shops, shop, chequers_serial_rivers_large_b,
          minmay_indecisive_spiral, uniq_natasha

Action                   || total
-------------------------++-------
Melee: Whip              ||     2
 Cast: Foxfire           ||    51
       Scorch            ||     6
Armor: Robe              ||     5
Dodge: Dodged            ||     8

Table legend: (Time is in decaauts)
 A = Elapsed time spent in this place.
 B = Non-inter-level travel time spent in this place.
 C = Inter-level travel time spent in this place.
 D = Time resting spent in this place.
 E = Time spent auto-exploring this place.
 F = Levels seen in this place.
 G = Mean time per level.
                   A        B        C        D        E       F      G
               +--------+--------+--------+--------+--------+-----+--------+
         Total |   1856 |   1817 |     39 |     51 |   1508 |   2 |  928.0 |
       Dungeon |   1856 |   1817 |     39 |     51 |   1508 |   2 |  928.0 |
               +--------+--------+--------+--------+--------+-----+--------+

Top non-repeatable levels by time:
     D:1: 1247 daAuts
     D:2: 608 daAuts
